 Dungeon Crawl Stone Soup version 0.23.2-1-ga50397a6bc (webtiles) character file.

Game seed: 12921186823912516780

586 Gargoyl the Skirmisher (level 7, -7/59 HPs)
             Began as a Centaur Abyssal Knight on Apr 16, 2019.
             Was a Believer of Lugonu.
             Mangled by Sigmund
             ... wielding a +0 scythe
              (11 damage)
             ... on level 5 of the Dungeon.
             The game lasted 00:05:06 (4154 turns).

Gargoyl the Skirmisher (Centaur Abyssal Knight)     Turns: 4154, Time: 00:05:06

Health: -7/59      AC: 11    Str: 17 (20) XL:     7   Next: 15%
Magic:  9/9        EV:  5    Int: 12 (13) God:    Lugonu [**....]
Gold:   83         SH:  0    Dex:  9 (10) Spells: 6/6 levels left

rFire    . . .     SeeInvis +   a - +2 hand axe
rCold    . . .     Gourm    .   (no shield)
rNeg     . . .     Faith    .   d - +0 chain mail
rPois    .         Spirit   .   b - +2 helmet {SInv}
rElec    .         Reflect  .   (no cloak)
rCorr    .         Harm     .   (no gloves)
MR       .....                  (no barding)
Stlth    ..........             (no amulet)
HPRegen  0.19/turn              e - +2 ring of intelligence
MPRegen  0.11/turn              (no ring)

@: confused, mighty, very quick
A: large, hooves 3, deformed body, speed 2, tough skin 3
a: Depart the Abyss, Bend Space, Renounce Religion


You were on level 5 of the Dungeon.
You worshipped Lugonu.
Lugonu was pleased with you.
You were not hungry.

You visited 1 branch of the dungeon, and saw 5 of its levels.
You visited the Abyss 1 time.

You collected 161 gold pieces.
You spent 78 gold pieces at shops.

Inventory:

Hand Weapons
 a - a +2 hand axe (weapon)
Missiles
 m - 7 tomahawks (quivered)
Armour
 b - a +2 helmet of see invisible (worn)
 d - a +0 chain mail (worn)
Jewellery
 e - a +2 ring of intelligence (left hand)
Scrolls
 k - a scroll of amnesia
 n - a scroll of remove curse
 o - a scroll of magic mapping
 p - a scroll of fear
 q - a scroll of identify
 s - a scroll of fog
 t - 5 scrolls of teleportation
Potions
 h - 2 potions of curing {unknown}
 i - a potion of lignification {unknown}
 j - a potion of mutation {unknown}
 l - a potion of degeneration
 r - a potion of agility {unknown}
 u - 2 potions of brilliance {unknown}
Comestibles
 c - 7 rations


   Skills:
 + Level 4.0 Fighting
 + Level 3.8 Axes
 * Level 3.6 Armour
 * Level 2.0 Dodging
 * Level 3.6 Invocations


You had 6 spell levels left.
You didn't know any spells.
Your spell library contained the following spells:

 Spells                   Type           Power        Failure   Level  Hunger
 Beastly Appendage        Tmut           #.....       99%         1    ##.....
 Sticks to Snakes         Tmut           #.......     100%        2    ###....
 Spider Form              Tmut/Pois      #.........   100%        3    ####...
 Ice Form                 Ice/Tmut       #.......     100%        4    #####..
 Blade Hands              Tmut           #.........   100%        5    ######.


Dungeon Overview and Level Annotations

Branches:
Dungeon (5/15)             Temple (0/1) D:4

Altars:
Ashenzari
Dithmenos
Trog

Shops:
D:4 ?

Annotations:
D:5 Sigmund


Innate Abilities, Weirdness & Mutations

You have hooves in place of feet.
Armour fits poorly on your strangely shaped body.
You cover ground very quickly.
You have extremely tough skin. (AC +3)


Message History

Sigmund hits you with a +0 scythe!
Unknown command.
You hit Sigmund.
Sigmund is severely wounded.
Sigmund barely misses you.
Unknown command.
You feel very mighty all of a sudden.
You closely miss Sigmund. Your kick misses Sigmund.
Sigmund is severely wounded.
Sigmund gestures at you while chanting.
You are confused.
Sigmund points at you and mumbles some strange words.
The magic dart hits you! Sigmund hits you with a +0 scythe!
* * * LOW HITPOINT WARNING * * *
It was a potion of degeneration.
There was something very wrong with that liquid.
You feel weakened.
You feel dopey.
You feel clumsy.
Sigmund hits you from afar with a +0 scythe!
You die...

*∩#........* *,,,,***,,,****,**,,
*≈#.......#* *,,,,**,,,,*,,,,****
*≈#.......# ***,***...,,,,,,*
*≈#.......######,***..,,*,**,* **
*≈#.............,,,..,,,*,**,* *,
≈≈#............),,,.#**,,,**,* *,
**#.......@.....,,..# **,,**,* *,
≈≈#.......######+#..####,,**,* **
*≈#.......#.....@.......,,**,****
≈≈#..###....†[[..#..####*,,*,**,,
**#..* #....#))@........,,,*,**,*
≈...,* #....#.#....#..##**,,,**,*
....,* #....#..<......#,,*,,,,,,,
...,,* #....##.....#.##,,*,,,****
,,,,,* #..........##...,,*,,,****
****** #...###....#**#..,*,,>,,,,
##### #....# *..,,,******


You could see Sigmund (invisible).

Vanquished Creatures
  A scorpion (D:4)
  A jelly (D:4)
  A hound (D:4)
  3 orc priests
  An iguana (D:4)
  2 orc wizards (D:4)
  Natasha (thrice) (D:2)
  3 worker ants (D:4)
  Robin (D:2)
  3 gnolls (D:4)
  4 adders
  A river rat (D:5)
  A worm (D:2)
  2 dart slugs
  A leopard gecko (D:4)
  8 orcs
  A ball python (D:3)
  5 bats
  3 giant cockroaches
  12 goblins
  8 hobgoblins
  2 quokkas (D:4)
  2 frilled lizards
  6 kobolds
  6 rats
81 creatures vanquished.

Notes
Turn   | Place    | Note
-------+----------+-------------------------------------------
     0 | Abyss:1  | Gargoyl the Centaur Abyssal Knight began the quest for the
                  | Orb.
     0 | Abyss:1  | Reached XP level 1. HP: 19/19 MP: 2/2
    60 | Abyss:1  | Noticed a wretched star
    61 | D:1      | Escaped the Abyss
   158 | D:1      | Reached * piety under Lugonu
   158 | D:1      | Reached XP level 2. HP: 16/26 MP: 3/3
   317 | D:1      | Reached skill level 1 in Dodging
   690 | D:2      | Noticed Natasha
   696 | D:2      | Noticed a crimson imp
   701 | D:2      | Killed Natasha
   701 | D:2      | Reached XP level 3. HP: 26/31 MP: 4/4
   751 | D:2      | Found a bloodstained altar of Trog.
   841 | D:2      | Noticed Robin
   875 | D:2      | Killed Robin
   875 | D:2      | Reached XP level 4. HP: 32/39 MP: 5/5
   982 | D:2      | Noticed Natasha
   994 | D:2      | Killed Natasha
  1257 | D:2      | Noticed Natasha
  1269 | D:2      | Killed Natasha
  1400 | D:3      | Reached ** piety under Lugonu
  1440 | D:3      | Reached XP level 5. HP: 17/46 MP: 7/7
  2423 | D:4      | Found a staircase to the Ecumenical Temple.
  2815 | D:4      | Found a shadowy altar of Dithmenos.
  2857 | D:4      | Reached XP level 6. HP: 42/52 MP: 8/8
  2879 | D:4      | Found a shattered altar of Ashenzari.
  3575 | D:4      | Found Dimamnie's Magic Scroll Boutique.
  3583 | D:4      | Bought a scroll of teleportation for 39 gold pieces
  3583 | D:4      | Bought a scroll of teleportation for 39 gold pieces
  3822 | D:5      | Entered Level 5 of the Dungeon
  3847 | D:4      | Reached skill level 4 in Fighting
  3969 | D:5      | Reached XP level 7. HP: 43/59 MP: 9/9
  3980 | D:5      | Noticed Sigmund
  4154 | D:5      | Mangled by Sigmund

Skill      XL: |  1  2  3  4  5  6 |
---------------+-------------------+-----
Axes           | 2 3 |  3.8
Dodging        | 1 2 |  2.0
Armour         | 2 3 |  3.6
Invocations    | 3 |  3.6
Fighting       | 4 |  4.0

Action                   |  1- 3 |  4- 6 |  7- 9 || total
-------------------------+-------+-------+-------++-------
Melee: Hand axe          |    85 |   173 |    19 ||   277
       Kick              |    11 |    29 |     2 ||    42
Invok: Depart the Abyss  |     1 |       |       ||     1
  Use: Scroll            |     3 |     7 |       ||    10
       Potion            |     1 |       |     2 ||     3
  Eat: Chunk             |       |     8 |     1 ||     9
Armor: Chain mail        |    68 |   132 |    11 ||   211
Dodge: Dodged            |    18 |    43 |     3 ||    64
